 Dungeon Crawl Stone Soup version 0.27-a0-1177-g245c70e1c0 (webtiles) character file.

Game seed: 12711963362723244298

46 bilbop the Magician (level 3, -1/27 HPs)
             Began as a Djinni Venom Mage on May 16, 2021.
             Was a Plaything of Xom.
             Slain by a worm (4 damage)
             ... on level 2 of the Dungeon.
             The game lasted 00:07:51 (2053 turns).

bilbop the Magician (Djinni Venom Mage)             Turns: 2053, Time: 00:07:52

Health: -1/27      AC:  5    Str:  7    XL:     3   Next: 92%
Gold:   35         EV: 12    Int: 16    God:    Xom [.*....] SH:  0 Dex: 14

rFire    + + .     SeeInvis .   c - +0 dagger
rCold    x . .     Faith    .   (no shield)
rNeg     . . .     Spirit   .   a - +0 robe
rPois    ∞         Reflect  .   b - +0 helmet
rElec    .         Harm     .   (no cloak)
rCorr    .         Rampage  .   h - +1 pair of gloves
Will     .....                  (boots unavailable)
Stlth    ++........             (no amulet)
HPRegen  0.09/turn              (no ring)
MPRegen  0.00/turn              (no ring)

@: flying
A: sickness immunity, fire resistance 2, cold vulnerability 1, float, innate
caster, hp casting, extra vitality 1
a: Renounce Religion


You were on level 2 of the Dungeon.
You worshipped Xom.
You were a plaything of Xom.
You visited 1 branch of the dungeon, and saw 2 of its levels.

You collected 35 gold pieces.

Inventory:

Hand Weapons
 c - a +0 dagger (weapon)
Armour
 a - a +0 robe (worn)
 b - a +0 helmet (worn)
 h - a +1 pair of gloves (worn)
Scrolls
 e - a scroll of identify {unknown}
 g - a scroll of teleportation {unknown}
Potions
 d - 2 potions of lignification {unknown}
 f - a potion of haste {unknown}
 i - a potion of attraction {unknown}
 j - a potion of heal wounds {unknown}


   Skills:
 + Level 1.2 Fighting
 + Level 0.8 Short Blades
 - Level 2.1 Dodging
 + Level 2.0 Stealth
 * Level 2.8 Spellcasting
 + Level 1.1 Invocations


You couldn't memorise any spells.
You knew the following spells:

 Your Spells              Type           Power      Damage    Failure   Level
a - Sting                 Tmut/Pois      44%        1d5       6%          1
b - Poisonous Vapours     Pois/Air       22%        N/A       9%          2
c - Mephitic Cloud        Conj/Pois/Air  11%        N/A       19%         3
d - Ignite Poison         Fire/Tmut/Pois 11%        N/A       19%         3
e - Olgreb's Toxic Radia  Pois           11%        N/A       52%         4
f - Beastly Appendage     Tmut           22%        N/A       6%          1
Your spell library was empty.

Dungeon Overview and Level Annotations

Branches:
Dungeon (2/15)

Altars:
Xom


Innate Abilities, Weirdness & Mutations

You are immune to sickness and miasma.
You are immune to poison.
Your flesh is very heat resistant. (rF++)
You are vulnerable to cold. (rC-)
You float through the air rather than walking.
You learn spells naturally, not from books.
Your magical power is your life essence.
You have superior vitality. (+4 HP)


Message History

Casting: Sting (safe; 6% risk of failure)
Confirm with . or Enter, or press ? or * to list all spells.
Aiming: Poisonous Vapours (safe; 9% risk of failure)
Press: ? - help, Dir - move target, f/p - worm
Aim: a worm Poisonous vapours surround the worm!
* * * LOW HITPOINT WARNING * * *
Casting: Poisonous Vapours (safe; 9% risk of failure)
Confirm with . or Enter, or press ? or * to list all spells.
Aiming: Poisonous Vapours (safe; 9% risk of failure)
Press: ? - help, Dir - move target, f/p - worm
Aim: a worm Poisonous vapours surround the worm!
* * * LOW HITPOINT WARNING * * *
The worm is engulfed in poison gas.
The worm is poisoned.
Casting: Poisonous Vapours (safe; 9% risk of failure)
Confirm with . or Enter, or press ? or * to list all spells.
Aiming: Poisonous Vapours (safe; 9% risk of failure)
Press: ? - help, Dir - move target, f/p - worm
Aim: a worm (moderately wounded, poisoned) Poisonous vapours surround the worm!
* * * LOW HITPOINT WARNING * * *
You are too injured to fight recklessly!
The worm looks more healthy.
You hit the worm.
The worm is heavily wounded.
You hit the worm.
The worm is heavily wounded.
The worm barely misses you.
You hit the worm.
The worm is heavily wounded.
The worm bites you.
* * * LOW HITPOINT WARNING * * *
You hit the worm.
The worm is severely wounded.
You hit the worm.
The worm is severely wounded.
The worm bites you.
You die... "This toy is broken."

###### ...... .....## .....
......## .... .......# ...
...[...# #.# .......# ##.#
.......# #...
.......#######################...
.............(..@ww..............
......########################...
.....## #... ###### ####


You could see 2 worms.

Vanquished Creatures
  An adder (D:2)
  5 endoplasms
  3 giant cockroaches
  3 goblins (D:1)
  4 hobgoblins
  A quokka (D:1)
  9 ball pythons
  2 bats (D:1)
  2 frilled lizards
  3 kobolds (D:1)
  4 rats
37 creatures vanquished.

Vanquished Creatures (others)
  2 plants (D:1)
2 creatures vanquished.

Grand Total: 39 creatures vanquished

Notes
Turn   | Place    | Note
-------+----------+-------------------------------------------
     0 | D:1      | bilbop the Djinni Venom Mage began the quest for the Orb.
     0 | D:1      | Reached XP level 1. HP: 15/15 MP: 0/0
   292 | D:1      | Reached XP level 2. HP: 18/22 MP: 0/0
   501 | D:1      | Found a faded altar of an unknown god.
   804 | D:1      | Became a worshipper of Xom of Chaos
   916 | D:1      | Reached XP level 3. HP: 21/26 MP: 0/0
   916 | D:1      | Learned a level 1 spell: Beastly Appendage
   965 | D:1      | XOM: silly message
  1293 | D:1      | Reached skill level 1 in Fighting
  1428 | D:1      | XOM: silly message
  1599 | D:2      | XOM: noise
  1651 | D:2      | Reached skill level 1 in Invocations
  2053 | D:2      | Slain by a worm

Illustrated notes

Levels and vault maps discovered:
D:1:      eino_arrival_water_star, layout_loops_ring,
          ebering_ecumenical_altar_box, minmay_misc_feat_roman,
          minmay_parallelograms, minmay_shallow_snake_nest
D:2:      layout_rooms, minmay_misc_feat_tower, minmay_misc_feat_x,
          uniq_crazy_yiuf_cottage

Skill      XL: |  1  2  3 |
---------------+----------+-----
Fighting       | 1 |  1.2
Invocations    | 1 |  1.1
Stealth        | 2 |  2.0
Short Blades   | |  0.8
Dodging        | |  2.1
Spellcasting   | |  2.8

Action                   || total
-------------------------++-------
Melee: Dagger            ||    70
       Unarmed           ||     1
 Cast: Sting             ||    54
       Poisonous Vapours ||     3
  Use: Scroll            ||     1
 Stab: Sleeping          ||     2
Armor: Robe              ||    13
Dodge: Dodged            ||    47

Table legend: (Time is in decaauts)
 A = Elapsed time spent in this place.
 B = Non-inter-level travel time spent in this place.
 C = Inter-level travel time spent in this place.
 D = Time resting spent in this place.
 E = Time spent auto-exploring this place.
 F = Levels seen in this place.
 G = Mean time per level.
                   A        B        C        D        E       F      G
               +--------+--------+--------+--------+--------+-----+--------+
         Total |   2051 |   2002 |     49 |    334 |   1375 |   2 | 1025.5 |
       Dungeon |   2051 |   2002 |     49 |    334 |   1375 |   2 | 1025.5 |
               +--------+--------+--------+--------+--------+-----+--------+

Top non-repeatable levels by time:
     D:1: 1540 daAuts
     D:2: 510 daAuts
